 Dungeon Crawl Stone Soup version 0.29-a0-393-g47a863cc1b (webtiles) character file.

Game seed: 994751135376547638

2240 bande the Chopper (level 9, -6/54 HPs)
             Began as a Gargoyle Fighter on May 9, 2022.
             Was a Follower of Okawaru.
             Mangled by a wight
             ... wielding a +4 battleaxe
              (17 damage)
             ... on level 7 of the Dungeon.
             The game lasted 00:10:19 (7429 turns).

bande the Chopper (Gargoyle Fighter)                Turns: 7429, Time: 00:10:20

Health: -6/54      AC: 21    Str: 20    XL:     9   Next: 36%
Magic:  10/10      EV:  7    Int:  9    God:    Okawaru [*.....]
Gold:   377        SH:  5    Dex: 13    Spells: 7/8 levels left

rFire   . . .      SeeInvis .   y - +2 hand axe (flame)
rCold   + . .      Faith    .   c - +0 buckler
rNeg    + . .      Spirit   .   i - +0 chain mail
rPois   ∞          Reflect  .   h - +0 helmet
rElec   +          Harm     .   (no cloak)
rCorr   .          Rampage  .   b - +2 pair of gloves of Muurriz {rC+}
Will    .....                   (no boots)
Stlth   ..........              (no amulet)
HPRegen 0.18/turn               (no ring)
MPRegen 0.12/turn               (no ring)

@: no status effects
A: sickness immunity, AC +6, negative energy resistance 1, electricity
resistance, torment resistance 1, petrification resistance
a: Renounce Religion, Heroism


You were on level 7 of the Dungeon.
You worshipped Okawaru.
Okawaru was aware of your devotion.
You visited 2 branches of the dungeon, and saw 8 of its levels.
You also visited: Sewer.

You collected 377 gold pieces.

Inventory:

Hand Weapons
 a - a +0 war axe
 y - a +2 hand axe of flaming (weapon)
Missiles
 q - a throwing net (quivered)
Armour
 b - the +2 pair of gloves of Muurriz (worn) {rC+}
   (You found it on level 3 of the Dungeon)

   rC:        It protects you from cold.
 c - a +0 buckler (worn)
 h - a +0 helmet (worn)
 i - a +0 chain mail (worn)
Wands
 n - a wand of paralysis (12)
Scrolls
 f - 3 scrolls of teleportation
 o - a scroll of fog
 r - a scroll of blinking
 v - 2 scrolls of brand weapon {unknown}
 w - 2 scrolls of fear
Potions
 d - 3 potions of might
 e - 7 potions of curing
 g - a potion of magic
 j - 2 potions of heal wounds
 k - a potion of resistance
 l - a potion of lignification {unknown}
 m - 2 potions of brilliance {unknown}
 p - a potion of berserk rage {unknown}
 s - 2 potions of degeneration {unknown}
 t - a potion of mutation {unknown}
 u - 2 potions of flight {unknown}


   Skills:
 + Level 5.3 Fighting
 + Level 7.4 Axes
 + Level 6.5 Armour
 + Level 4.8 Shields
 * Level 3.2 Translocations
 * Level 2.2 Invocations
 * Level 3.1 Evocations


You had 7 spell levels left.
You knew the following spells:

 Your Spells              Type           Power      Damage    Failure   Level
a - Apportation           Tloc           10%        N/A       77%         1

Your spell library contained the following spells:

 Spells                   Type           Power      Damage    Failure   Level
 Magic Dart               Conj           0%         1d3       99%         1
 Mephitic Cloud           Conj/Pois/Air  0%         N/A       100%        3
 Cause Fear               Hex            0%         N/A       100%        4
 Alistair's Intoxication  Tmut/Pois      0%         N/A       100%        5
 Iskenderun's Battlesphe  Conj           0%         2d6       100%        5
 Iron Shot                Conj/Erth      0%         9d1       100%        6
 Dragon Form              Tmut           0%         N/A       100%        7
 Call Imp                 Summ           Unusable   N/A       N/A         2
 Spellforged Servitor     Conj/Summ      Unusable   N/A       N/A         7
 Dragon's Call            Summ           Unusable   N/A       N/A         9

Dungeon Overview and Level Annotations

Branches:
Dungeon (7/15)             Temple (1/1) D:5           Sewer (visited)

Altars:
Ashenzari
Dithmenos
Elyvilon
Fedhas
Gozag
Kikubaaqudgha
Makhleb
Nemelex Xobeh
Okawaru
Qazlal
Sif Muna
Trog
Uskayaw
Vehumet
Xom
Yredelemnul
Zin
The Shining One

Shops:
D:5 ?


Innate Abilities, Weirdness & Mutations

You are immune to sickness and miasma.
Your stone body is resilient. (AC +6)
You are immune to poison.
You resist negative energy. (rN+)
You are resistant to electric shocks. (rElec)
You are resistant to unholy torment.
You are immune to petrification.


Message History

The wight hits you with a +4 battleaxe!
You hit the wight but do no damage.
The wight is almost destroyed.
You barely miss the wight. You closely miss the wight. You hit the wight.
You burn the wight. You hit the wight. You burn the wight.
The wight hits you with a +0 battleaxe. The wight hits you but does no damage.
You block the wight's attack.
The wight hits you but does no damage. x2
You hit the wight but do no damage.
The wight is almost destroyed.
You hit the wight. You burn the wight. You hit the wight. You burn the wight.
You closely miss the wight. You hit the wight but do no damage.
The wight barely misses you. The wight hits you but does no damage.
You block the wight's attack. The wight hits you but does no damage.
The wight barely misses you.
You hit the wight. You burn the wight.
The wight is almost destroyed.
You hit the wight but do no damage. You hit the wight. You burn the wight.
You destroy the wight!
Okawaru accepts your kill.
You hit the wight but do no damage. x2; You block the wight's attack.
The wight hits you but does no damage. x3
You hit the wight. You burn the wight.
You destroy the wight!
Okawaru accepts your kill.
You hit the wight but do no damage. You hit the wight. You burn the wight.
You hit the wight but do no damage. The wight barely misses you.
The wight hits you but does no damage. The wight hits you with a +0 scimitar.
Unknown command.
You closely miss the wight.
The wight is almost destroyed.
You closely miss the wight. You hit the wight but do no damage.
The wight hits you with a +4 battleaxe. The wight hits you with a +0 battleaxe.
The wight hits you with a +0 scimitar!
* * * LOW HITPOINT WARNING * * *
Unknown command.
You hit the wight but do no damage.
The wight is almost destroyed.
You hit the wight but do no damage. You completely miss the wight.
The wight hits you with a +4 battleaxe!
You die...

#[#### #.###.......
#.....###....#####.
#..# #.#.##### #.
#..####.## #.
#........#########.
##.##..............
##.##....##########
##.)##.#.##
#.z@##.###
#....z)z....#
#.##.......... #
#....#.#...
.....#.# ## ......#
# .#.<...#
..##.....


You could see 3 wights.

Vanquished Creatures
  Sigmund (D:2)
  Eustachio (D:5)
  Edmund (D:4)
  A water moccasin (D:6)
  A sky beast (D:6)
  4 black bears
  A necrophage (D:4)
  Blork the orc (D:5)
  4 bullfrogs
  2 scorpions (D:6)
  2 wights (D:7)
  A howler monkey (D:7)
  7 hounds
  A jelly (D:4)
  3 orc wizards (D:5)
  4 gnolls (D:3)
  11 adders
  A river rat (D:3)
  A shadow imp (D:6)
  An ufetubus (D:5)
  A worm (D:2)
  8 orcs
  14 endoplasms
  16 giant cockroaches
  10 goblins
  6 hobgoblins
  9 jackals
  8 kobolds
  17 quokkas
  12 ball pythons
  7 bats
  12 frilled lizards
  31 rats
200 creatures vanquished.

Vanquished Creatures (others)
  5 fungi (D:2)
  3 plants (D:2)
8 creatures vanquished.

Grand Total: 208 creatures vanquished

Notes
Turn   | Place    | Note
-------+----------+-------------------------------------------
     0 | D:1      | bande the Gargoyle Fighter began the quest for the Orb.
     0 | D:1      | Reached XP level 1. HP: 14/14 MP: 1/1
   167 | D:1      | Reached XP level 2. HP: 19/19 MP: 2/2
   514 | D:1      | Reached skill level 2 in Axes
   847 | D:1      | Reached XP level 3. HP: 18/23 MP: 3/3
  1141 | D:2      | Noticed Sigmund
  1368 | D:2      | Killed Sigmund
  1369 | D:2      | Reached skill level 3 in Axes
  1369 | D:2      | Reached XP level 4. HP: 18/29 MP: 4/4
  1369 | D:2      | Reached XP level 5. HP: 20/33 MP: 5/5
  1686 | D:2      | Reached skill level 4 in Axes
  2146 | D:2      | Found a faded altar of an unknown god.
  2172 | D:2      | Reached XP level 6. HP: 35/38 MP: 6/6
  2205 | D:2      | Found a blossoming altar of Fedhas.
  2625 | D:3      | Identified the +2 pair of gloves of Muurriz {rC+}
  2760 | D:3      | Found a glowing drain.
  2775 | Sewer    | Entered a sewer
  3203 | Sewer    | Reached skill level 5 in Axes
  3203 | Sewer    | Reached XP level 7. HP: 36/44 MP: 7/7
  3285 | Sewer    | Learned a level 1 spell: Apportation
  3470 | D:3      | Reached skill level 5 in Armour
  4380 | D:4      | Noticed Edmund
  4397 | D:4      | Reached skill level 1 in Translocations
  4397 | D:4      | Reached skill level 1 in Evocations
  4406 | D:4      | Killed Edmund
  4407 | D:4      | Reached XP level 8. HP: 38/48 MP: 8/8
  4495 | D:4      | Found a white marble altar of Elyvilon.
  4563 | D:4      | Reached skill level 6 in Axes
  5035 | D:5      | Entered Level 5 of the Dungeon
  5045 | D:5      | Found a bloodstained altar of Trog.
  5159 | D:5      | Found Puah Tufash's Magic Scroll Shop.
  5161 | D:5      | Noticed Eustachio
  5173 | D:5      | Killed Eustachio
  5174 | D:5      | Reached skill level 5 in Fighting
  5263 | D:5      | Found a staircase to the Ecumenical Temple.
  5274 | Temple   | Entered the Ecumenical Temple
  5347 | Temple   | Became a worshipper of Warmaster Okawaru
  5398 | D:5      | Noticed Blork the orc
  5419 | D:5      | Killed Blork the orc
  6004 | D:6      | Reached skill level 7 in Axes
  6004 | D:6      | Reached skill level 1 in Invocations
  6004 | D:6      | Reached XP level 9. HP: 42/54 MP: 9/9
  6739 | D:6      | Reached * piety under Okawaru
  6809 | D:6      | Found a burning altar of Makhleb.
  7429 | D:7      | Mangled by a wight

Illustrated notes

Levels and vault maps discovered:
D:1:      dpeg_arrival_connections, layout_loops_ring, minmay_heptomino_d4
D:2:      layout_basic, shapermc_ecumenical_altar_mp_urbaneastern, basic_altar,
          minmay_rat_hole, uniq_sigmund
D:3:      layout_basic, portal_sewer_entry_e
D:4:      layout_basic, mainiacjoe_overflow_alcove_4, minmay_stone_trees_medium,
          kennysheep_generic_room_16, uniq_edmund
D:5:      layout_basic, trog_ov_bears_minmay, temple_hall, serial_shops,
          nicolae_shop_statue_plus, hex_large, uniq_eustachio,
          uniq_blork_the_orc
D:6:      layout_basic, lemuel_coloured_pillars_altar,
          chequers_serial_rivers_micro_c, patterned_corridor
D:7:      layout_loops_ring, mainiacjoe_overflow_surrounded_room,
          minmay_crystal_room
Temple:   nicolae_temple_great_sept

Skill      XL: |  1  2  3  4  5  6  7  8  9 |
---------------+----------------------------+-----
Axes           | 2 3 4 5 7 |  7.4
Armour         | 4 5 6 |  6.5
Fighting       | 4 5 |  5.3
Shields        | 4 |  4.8
Translocations | 1 2 3 |  3.2
Evocations     | 1 2 3 |  3.1
Invocations    | 1 2 |  2.2

Action                   |  1- 3 |  4- 6 |  7- 9 || total
-------------------------+-------+-------+-------++-------
Melee: War axe           |    63 |   275 |   246 ||   584
       Hand axe          |       |       |    60 ||    60
  Use: Scroll            |     6 |     5 |     4 ||    15
       Potion            |     1 |       |     2 ||     3
Armor: Scale mail        |    46 |     9 |       ||    55
       Chain mail        |       |   231 |   296 ||   527
Dodge: Dodged            |    29 |   106 |   120 ||   255
Block: Buckler           |    10 |    75 |    69 ||   154

Table legend: (Time is in decaauts)
 A = Elapsed time spent in this place.
 B = Non-inter-level travel time spent in this place.
 C = Inter-level travel time spent in this place.
 D = Time resting spent in this place.
 E = Time spent auto-exploring this place.
 F = Levels seen in this place.
 G = Mean time per level.
                   A        B        C        D        E       F      G
               +--------+--------+--------+--------+--------+-----+--------+
         Total |   7708 |   7672 |     36 |    414 |   5574 |   9 |  856.4 |
       Dungeon |   6846 |   6810 |     36 |    414 |   5043 |   7 |  978.0 |
        Temple |     86 |     86 |      0 |      0 |     56 |   1 |   86.0 |
         Sewer |    775 |    775 |      0 |      0 |    475 |   1 |  775.0 |
               +--------+--------+--------+--------+--------+-----+--------+

Top non-repeatable levels by time:
     D:1: 1373 daAuts
     D:6: 1252 daAuts
     D:2: 1173 daAuts
     D:4: 990 daAuts
     D:3: 976 daAuts
     D:5: 880 daAuts
   Sewer: 775 daAuts
     D:7: 200 daAuts
  Temple: 86 daAuts
